 Dungeon Crawl Stone Soup version 0.31-a0-691-g409c26aa35 (webtiles) character file.

Game seed: 11543981664595753484

329 qw the Shooter (level 6, -9/38 HPs)
             Began as a Gargoyle Hunter on Sept 6, 2023.
             Mangled by an ogre
             ... wielding a +0 giant club
              (15 damage)
             ... on level 5 of the Dungeon.
             The game lasted 00:01:02 (3311 turns).

qw the Shooter (Gargoyle Hunter)                    Turns: 3311, Time: 00:01:03

Health: -9/38      AC: 12    Str: 15    XL:     6   Next: 50%
Magic:  0/6        EV: 11    Int:  9    God:
Gold:   132        SH:  0    Dex: 15    Spells: 5/5 levels left

rFire   . . .        Y - +2 shortbow
rCold   . . .        (shield currently unavailable)
rNeg    + . .        o - +1 ring mail of Lolu {rPois}
rPois   inf          (no helmet)
rElec   +            (no cloak)
rCorr   .            e - +0 pair of gloves
SInv    .            k - +0 pair of boots
Will    .....        h - amulet of guardian spirit
Stlth   +            (no ring)
HPRegen 0.26/turn    (no ring)
MPRegen 0.10/turn

%: guardian spirit
@: no status effects
A: sickness immunity, AC +4, negative energy resistance 1, electricity
resistance, torment resistance 1, petrification resistance
a: no special abilities


You were on level 5 of the Dungeon.
You visited 1 branch of the dungeon, and saw 5 of its levels.

You collected 214 gold pieces.
You spent 82 gold pieces at shops.


Innate Abilities, Weirdness & Mutations

You are immune to sickness and miasma.
Your stone body is resilient. (AC +4)
You are immune to poison.
You resist negative energy. (rN+)
You are resistant to electric shocks. (rElec)
You are resistant to unholy torment.
You are immune to petrification.


   Skills:
 - Level 4.0 Fighting
 + Level 6.7 Ranged Weapons
 - Level 1.1 Armour
 - Level 1.5 Dodging
 - Level 1.1 Stealth


You had 5 spell levels left.
You didn't know any spells.
Your spell library was empty.

Inventory:

Hand Weapons
 Y - a +2 shortbow (weapon)
Armour
 e - a +0 pair of gloves (worn)
 k - a +0 pair of boots (worn)
 o - the +1 ring mail of Lolu (worn) {rPois}
   (You took it off a kobold on level 4 of the Dungeon)

   rPois:     It protects you from poison
Jewellery
 d - a ring of ice
 h - an amulet of guardian spirit (around neck)
 p - a ring of ice
Scrolls
 g - a scroll of identify
Potions
 a - a potion of magic {unknown}
 b - a potion of mutation {unknown}
 c - a potion of curing
 f - a potion of berserk rage {unknown}
 j - a potion of brilliance {unknown}
 l - a potion of invisibility {unknown}
 m - a potion of attraction {unknown}
 n - a potion of might

Dungeon Overview and Level Annotations

Branches:
Dungeon (5/15)
 Temple: D:4-7

Altars:
Trog
Yredelemnul

Shops:
D:3 *!


Message History

The arrow hits the goblin.
You kill the goblin!
The goblin hits you with a +0 dagger. The goblin barely misses you.
You shoot an arrow. The arrow closely misses the goblin.
The arrow hits the goblin!
You kill the goblin!
The goblin hits you but does no damage.
You shoot an arrow. The arrow hits the goblin.
You kill the goblin!
You shoot an arrow. The arrow hits the goblin.
You kill the goblin!
You shoot an arrow. The arrow misses the goblin.
The arrow hits the ogre.
The ogre is moderately wounded.
The goblin hits you but does no damage.
You shoot an arrow. The arrow barely misses the goblin.
The arrow hits the ogre.
The ogre is moderately wounded.
The goblin closely misses you.
You shoot an arrow. The arrow barely misses the goblin.
The arrow barely misses the ogre.
The goblin closely misses you. The goblin hits you but does no damage.
You shoot an arrow. The arrow closely misses the goblin.
The arrow hits the ogre.
The ogre is heavily wounded.
You shoot an arrow.
The arrow hits the ogre but does no damage.
The ogre is heavily wounded.
You shoot an arrow. The arrow completely misses the ogre.
The arrow hits the goblin.
The goblin is moderately wounded.
The ogre hits you with a +0 giant club!
You shoot an arrow. The arrow hits the ogre.
The ogre is heavily wounded.
The ogre hits you with a +0 giant club!!
Ouch! That really hurt!
You shoot an arrow. The arrow barely misses the ogre.
The arrow hits the goblin.
The goblin is heavily wounded.
You shoot an arrow. The arrow hits the ogre.
The ogre is severely wounded.
The ogre hits you with a +0 giant club!
You die...

#. #.# #.
#.# #. #.#
##.##.#
####...#.#
##.....%#.#
.......<..#
##.#####..#
##@# #O#


ggg #...# #...# ##### You could see an ogre and 3 goblins.

Vanquished Creatures
  A water moccasin (D:3)
  Terence (D:3)
  Natasha (thrice) (D:3)
  4 adders
  A worm (D:2)
  An orc (D:3)
  4 bats
  11 endoplasms
  2 giant cockroaches
  14 goblins
  6 hobgoblins
  5 quokkas
  7 ball pythons
  2 frilled lizards (D:1)
  6 kobolds
  11 rats
79 creatures vanquished.

Notes
Turn   | Place    | Note
-------+----------+-------------------------------------------
     0 | D:1      | qw the Gargoyle Hunter began the quest for the Orb.
     0 | D:1      | Reached XP level 1. HP: 12/12 MP: 1/1
     0 | D:1      | 0 ||| qw: Version: 0.3-a-76-g4403597
     0 | D:1      | 0 ||| qw: Game counter: 227
     0 | D:1      | 0 ||| qw: Melee chars always use a shield: true
     0 | D:1      | 0 ||| qw: God list: Okawaru
     0 | D:1      | 0 ||| qw: Allow faded altars: false
     0 | D:1      | 0 ||| qw: Do Orc after clearing Dungeon:15 true
     0 | D:1      | 0 ||| qw: Do second Lair branch before Depths: true
     0 | D:1      | 0 ||| qw: Lair rune preference: random
     0 | D:1      | 0 ||| qw: Goals: Normal
     0 | D:1      | 0 ||| PLANNING D:1-11
    35 | D:1      | Reached XP level 2. HP: 17/17 MP: 2/2
   218 | D:1      | Found a faded altar of an unknown god.
   252 | D:1      | Reached XP level 3. HP: 21/21 MP: 3/3
   331 | D:1      | Reached skill level 5 in Ranged Weapons
   691 | D:1      | 691 ||| UPGRADING to +0 pair of gloves.
   696 | D:1      | 696 ||| UPGRADING to +0 ring mail.
   706 | D:1      | 706 ||| DROPPING +0 leather armour.
   707 | D:1      | 707 ||| UPGRADING to amulet of guardian spirit.
   712 | D:1      | 712 ||| READING scroll labelled AGYS AZUTAUNE.
   713 | D:1      | 713 ||| READING scroll labelled NUCEIJ CASE.
   714 | D:1      | 714 ||| DROPPING scroll of butterflies.
  1064 | D:2      | Reached skill level 1 in Armour
  1232 | D:2      | Reached XP level 4. HP: 27/27 MP: 4/4
  1340 | D:2      | Reached skill level 3 in Fighting
  1518 | D:2      | 1518 ||| READING scroll labelled AREINUWN YZUE.
  1544 | D:3      | Noticed a water moccasin
  1561 | D:3      | HP: 5/28 [water moccasin (3)]
  1564 | D:3      | Killed a water moccasin
  1565 | D:3      | Reached skill level 6 in Ranged Weapons
  1565 | D:3      | Reached XP level 5. HP: 4/32 MP: 2/5
  1731 | D:3      | Found Icsuc's Distillery.
  1736 | D:3      | 1736 ||| SHOPLISTING 2 potions of mutation (224 gold, have
                  | 92).
  1736 | D:3      | 1736 ||| BUYING potion of curing (42 gold).
  1736 | D:3      | Bought a potion of curing for 42 gold pieces
  1736 | D:3      | 1736 ||| SHOPLISTING potion of enlightenment (70 gold, have
                  | 50).
  1736 | D:3      | 1736 ||| SHOPLISTING potion of heal wounds (70 gold, have
                  | 50).
  2048 | D:3      | Found a basalt altar of Yredelemnul.
  2126 | D:3      | Noticed Terence
  2136 | D:3      | Killed Terence
  2137 | D:3      | Reached XP level 6. HP: 32/38 MP: 4/6
  2256 | D:3      | Noticed Natasha
  2261 | D:3      | Killed Natasha
  2294 | D:3      | Noticed Natasha
  2299 | D:3      | Killed Natasha
  2398 | D:3      | Noticed Natasha
  2411 | D:3      | Killed Natasha
  2421 | D:3      | Found Xiah's General Store.
  2429 | D:3      | 2429 ||| BUYING potion of might (40 gold).
  2429 | D:3      | Bought a potion of might for 40 gold pieces
  2429 | D:3      | 2429 ||| SHOPLISTING scroll of identify (20 gold, have 17).
  2516 | D:3      | 2516 ||| READING scroll labelled HINNU XAVI.
  2517 | D:3      | 2517 ||| READING scroll labelled DUCYMENAIH.
  2568 | D:4      | Found a bloodstained altar of Trog.
  2725 | D:4      | 2725 ||| READING scroll of enchant weapon.
  2725 | D:4      | 2725 ||| ENCHANTING +1 shortbow.
  2768 | D:4      | 2768 ||| UPGRADING to +0 pair of boots.
  2777 | D:4      | 2777 ||| STAIRDANCE
  2845 | D:4      | Identified the +1 ring mail of Lolu {rPois}
  3230 | D:4      | 3230 ||| UPGRADING to +1 ring mail of Lolu {rPois}.
  3240 | D:4      | 3240 ||| DROPPING +0 ring mail.
  3241 | D:4      | 3241 ||| READING scroll labelled TISEZI RYNAEBI.
  3287 | D:5      | Entered Level 5 of the Dungeon
  3309 | D:5      | HP: 5/38 [ogre/+0 giant club (20)]
  3311 | D:5      | Mangled by an ogre

Levels and vault maps discovered:
D:1:      dpeg_arrival_ratfight, layout_loops_ring,
          hellmonk_ecumenical_altar_arch_garden, minmay_pentomino_x4
D:2:      layout_basic, serial_glass, glass_columns_a, glass_columns_c,
          item_on_display_a
D:3:      layout_loops_corners, nicolae_overflow_hidden_temple, serial_shops,
          shop, nicolae_shop_waterfront, uniq_terence, uniq_natasha
D:4:      layout_basic, kennysheep_mini_moat
D:5:      layout_loops_ring, minmay_ogre_servants

Skill      XL: |  1  2  3  4  5 |
---------------+----------------+-----
Ranged Weapons | 5 6 |  6.7
Armour         | 1 |  1.1
Fighting       | 3 4 |  4.0
Dodging        | |  1.5
Stealth        | |  1.1

Action                     |  1- 3 |  4- 6 || total
---------------------------+-------+-------++-------
   Fire: Shortbow          |   110 |   140 ||   250
    Use: Scroll            |     2 |     5 ||     7
 Armour: Leather armour    |     2 |       ||     2
         Ring mail         |     5 |    53 ||    58
  Dodge: Dodged            |     7 |    45 ||    52

Table legend:
 A = Non-vault XP
 B = Vault XP
 C = Vault XP percentage of total XP
 D = Non-vault monster count
 E = Vault monster count
 F = Vault count percentage of total count
                 A         B        C        D         E       F
            +---------+---------+-------+---------+---------+-------
      Total |     377 |      93 |  19.8 |      63 |      16 |  20.3
            +---------+---------+-------+---------+---------+-------
        D:1 |      45 |      12 |  21.1 |      26 |       9 |  25.7
        D:2 |      40 |       0 |   0.0 |      15 |       0 |   0.0
        D:3 |     268 |      71 |  20.9 |      14 |       2 |  12.5
        D:4 |      11 |       0 |   0.0 |       7 |       0 |   0.0
        D:5 |      13 |      10 |  43.5 |       1 |       5 |  83.3
            +---------+---------+-------+---------+---------+-------
